 Dungeon Crawl Stone Soup version 0.25-a0-578-gc91f01c39c (webtiles) character file.

Game seed: 11153349131751487681, levelgen mode: deterministic

7 An17 the Chiller (level 2, 0/13 HPs)
             Began as a Vine Stalker Ice Elementalist on Mar 3, 2020.
             Slain by a hobgoblin (5 damage)
             ... on level 1 of the Dungeon.
             The game lasted 00:01:09 (171 turns).

An17 the Chiller (Vine Stalker Ice Elementalist)     Turns: 171, Time: 00:01:10

Health: 0/13       AC:  2    Str: 10    XL:     2   Next: 0%
Magic:  0/6        EV: 12    Int: 15    God:
Gold:   16         SH:  0    Dex: 14    Spells: 5/6 levels left

rFire    . . .     SeeInvis .   (no weapon)
rCold    . . .     Gourm    .   (no shield)
rNeg     . . .     Faith    .   a - +0 robe
rPois    .         Spirit   +   (no helmet)
rElec    .         Reflect  .   (no cloak)
rCorr    .         Harm     .   (no gloves)
MR       .....                  (no boots)
Stlth    ++........             (no amulet)
HPRegen  0.04/turn              (no ring)
MPRegen  0.10/turn              (no ring)

@: no status effects
A: fangs 2, magic shield, antimagic bite, no potion heal 3, rot immunity
a: no special abilities


You were on level 1 of the Dungeon.
You were not hungry.

You visited 1 branch of the dungeon, and saw 1 of its levels.

You collected 16 gold pieces.

Inventory:

Armour
 a - a +0 robe (worn)
Potions
 b - a potion of mutation {unknown}
Comestibles
 c - 2 rations


   Skills:
 + Level 1.7 Dodging
 + Level 2.6 Stealth
 + Level 2.5 Spellcasting
 - Level 4.0 Ice Magic


You had 5 spell levels left.
You knew the following spells:

 Your Spells              Type           Power        Failure   Level  Hunger
a - Freeze                Ice            ##..         4%          1    #......

Your spell library contained the following spells:

 Spells                   Type           Power        Failure   Level  Hunger
 Frozen Ramparts          Ice            ##....       12%         3    ###....
 Ozocubu's Armour         Chrm/Ice       #.......     28%         3    ###....
 Hailstorm                Conj/Ice       #.......     67%         4    #####..
 Summon Ice Beast         Ice/Summ       #.......     67%         4    #####..


Dungeon Overview and Level Annotations

Branches:
Dungeon (1/15)

Altars:


Innate Abilities, Weirdness & Mutations

You have extremely sharp teeth.
When hurt, damage is shared between your health and your magic reserves.
Your bite disrupts and absorbs the magic of your enemies.
Potions cannot restore your health.
You are immune to rotting.


Message History

You kill the rat!
You have reached level 2! 2 rats and a hobgoblin come into view.
The hobgoblin shouts!
A hobgoblin comes into view.
The rat twitches its whiskers.
The rat barely misses you.
The hobgoblin shouts!
The rat barely misses you. The hobgoblin closely misses you.
The rat barely misses you. The rat bites you but does no damage.
The hobgoblin closely misses you. The rat barely misses you. The rat bites you.
The hobgoblin hits you with a +0 club.
The rat barely misses you. x2; The hobgoblin hits you with a +0 club.
The rat bites you but does no damage. x2; The hobgoblin hits you.
The hobgoblin hits you with a +0 club.
The rat barely misses you. x2; The hobgoblin barely misses you.
The hobgoblin completely misses you. The rat misses you.
The rat barely misses you. The hobgoblin hits you.
You die...

#.# #.##.#### #.#
..#.....### #.#
#.###.....# #.#
#.. +.....#
#####.# ###
#.....# ......#
#.....# #######
#########.####....
......
......gr.>## .###
######
......g@...#
≈≈≈≈≈#
#####..[r..#
≈≈≈≈≈# #......#
≈≈≈≈≈# #......#
≈≈≈≈≈# .####..#
≈≈≈≈≈# #+ ##.#
.≈≈≈≈# .. ≈≈≈≈≈#
..# ≈≈≈≈≈#


You could see 2 hobgoblins and 2 rats.

Vanquished Creatures
  2 bats (D:1)
  2 hobgoblins (D:1)
  A kobold (D:1)
  A rat (D:1)
6 creatures vanquished.

Notes
Turn   | Place    | Note
-------+----------+-------------------------------------------
     0 | D:1      | An17 the Vine Stalker Ice Elementalist began the quest for
                  | the Orb.
     0 | D:1      | Reached XP level 1. HP: 9/9 MP: 4/4
   161 | D:1      | Reached XP level 2. HP: 13/13 MP: 0/6
   171 | D:1      | Slain by a hobgoblin

Levels and vault maps discovered:
D:1:      zaba_arrival_water, layout_basic, minmay_misc_feat_five

Action                   || total
-------------------------++-------
Melee: Unarmed           ||     1
       Bite              ||     1
 Cast: Freeze            ||    11
  Use: Scroll            ||     2
Armor: Robe              ||    11
Dodge: Dodged            ||    26

Table legend:
 A = Non-vault XP
 B = Vault XP
 C = Vault XP percentage of total XP
 D = Non-vault monster count
 E = Vault monster count
 F = Vault count percentage of total count
                 A         B        C        D         E       F
            +---------+---------+-------+---------+---------+-------
      Total |      10 |       0 |   0.0 |       6 |       0 |   0.0
            +---------+---------+-------+---------+---------+-------
        D:1 |      10 |       0 |   0.0 |       6 |       0 |   0.0
            +---------+---------+-------+---------+---------+-------
